 Dungeon Crawl Stone Soup version 0.22-a0-429-g97ce8ef (webtiles) character file.

160 MisterFreud the Insei (level 5, -4/33 HPs)
             Began as an Octopode Transmuter on May 25, 2018.
             Slain by an iguana (10 damage)
             ... on level 4 of the Dungeon.
             The game lasted 00:06:17 (3138 turns).

MisterFreud the Insei (Octopode Transmuter)         Turns: 3138, Time: 00:06:18

Health: -4/33      AC:  1    Str: 10    XL:     5   Next: 41%
Magic:  8/8        EV: 13    Int: 15    God:
Gold:   96         SH:  0    Dex: 13    Spells: 7/8 levels left

rFire    . . .     SeeInvis .     - Unarmed
rCold    . . .     Gourm    .   (no shield)
rNeg     . . .     Faith    .   (helmet restricted)
rPois    .         Spirit   .   (no amulet)
rElec    .         Reflect  .   n - ring of loudness
rCorr    .         Harm     .   (no ring)
MR       .....                  (no ring)
Stlth    ++........             (no ring)
HPRegen  0.11/turn              (no ring)
MPRegen  0.11/turn              (no ring)
                                (no ring)
                                (no ring)

@: no status effects
A: almost no armour, stealthy swim, amphibious, 8 rings, constrict 8, camouflage
1, gelatinous body 1
a: no special abilities


You were on level 4 of the Dungeon.
You were hungry.

You visited 1 branch of the dungeon, and saw 4 of its levels.

You collected 96 gold pieces.

Inventory:

Hand Weapons
 q - a +1 hunting sling
Missiles
 a - 32 arrows
 f - 3 needles of sleeping
 j - 117 stones
 m - 12 poisoned needles
 o - 2 tomahawks (quivered)
Jewellery
 n - a ring of loudness (left tentacle)
Scrolls
 b - a scroll of remove curse
 d - 2 scrolls of immolation
 h - a scroll of identify
Potions
 e - a potion of magic {unknown}
 g - a potion of agility
 i - a potion of heal wounds {unknown}
 l - 2 potions of curing
 r - a potion of lignification {unknown}
Comestibles
 c - 8 rations


   Skills:
 - Level 1.0 Fighting
 + Level 0.5 Throwing
 - Level 2.0 Dodging
 + Level 3.3 Stealth
 + Level 5.2 Unarmed Combat
 - Level 2.0 Spellcasting
 - Level 2.0 Transmutations


You had 7 spell levels left.
You knew the following spells:

 Your Spells              Type           Power        Failure   Level  Hunger
a - Beastly Appendage     Tmut           #.....       10%         1    #......

Your spell library contained the following spells:

 Spells                   Type           Power        Failure   Level  Hunger
 Spider Form              Tmut/Pois      #.........   41%         3    ###....
 Blade Hands              Tmut           #.........   95%         5    ######.
 Ice Form                 Ice/Tmut       #.......     82%         4    #####..
 Sticks to Snakes         Tmut           #.......     14%         2    ###....


Dungeon Overview and Level Annotations

Branches:
Dungeon (4/15)
 Temple: D:4-7

Altars:

Annotations:
D:3 incide's ghost, amateur GrWn


Innate Abilities, Weirdness & Mutations

You cannot wear most types of armour.
You are very stealthy in the water. (Stealth+)
You are amphibious.
You can wear up to eight rings at the same time.
You can use your tentacles to constrict eight enemies at once.
Your skin changes colour to match your surroundings (Stealth+).
Your rubbery body absorbs attacks. (AC +1, EV +1)


Message History

An iguana is nearby!
The iguana hisses angrily.
You tentacle-slap the iguana but do no damage.
You grab the iguana.
You constrict the iguana, but do no damage.
The iguana bites you!
You tentacle-slap the iguana but do no damage.
You squeeze the iguana.
The iguana is moderately wounded.
You constrict the iguana, but do no damage.
The iguana bites you!
* * * LOW HITPOINT WARNING * * *
You bludgeon the iguana!
The iguana is severely wounded.
You constrict the iguana, but do no damage.
The iguana barely misses you.
You tentacle-slap the iguana but do no damage.
The iguana is severely wounded.
You constrict the iguana. The iguana bites you!
You die...

###
##.############
#.<............
##..###.#.....
#....##.# ###
###..##@#
#..##l# #..##.#
#..##.# #..##.#
#..##.# #..##.#
#..##.#


You could see an iguana.

Vanquished Creatures
  A crimson imp (D:3)
  Jessica (D:2)
  3 adders
  A dart slug (D:2)
  4 leopard geckos
  An orc (D:3)
  A ball python (D:2)
  7 goblins
  8 hobgoblins
  12 jackals (D:2)
  3 quokkas
  7 bats
  4 frilled lizards
  4 kobolds
  2 rats
59 creatures vanquished.

Notes
Turn   | Place    | Note
-------+----------+-------------------------------------------
     0 | D:1      | MisterFreud the Octopode Transmuter began the quest for the Orb.
     0 | D:1      | Reached XP level 1. HP: 13/13 MP: 3/3
   506 | D:1      | Reached XP level 2. HP: 18/18 MP: 5/5
  1387 | D:2      | Reached skill level 1 in Stealth
  1439 | D:2      | Reached skill level 4 in Unarmed Combat
  1439 | D:2      | Reached XP level 3. HP: 16/23 MP: 6/6
  1802 | D:2      | Found a faded altar of an unknown god.
  1826 | D:2      | Noticed Jessica
  1847 | D:2      | Killed Jessica
  1847 | D:2      | Reached XP level 4. HP: 9/28 MP: 7/7
  2390 | D:3      | Reached skill level 5 in Unarmed Combat
  2390 | D:3      | Reached XP level 5. HP: 33/33 MP: 8/8
  2829 | D:3      | Noticed incide's ghost (amateur GrWn)
  3138 | D:4      | Slain by an iguana

Vault maps used:
D:1:      mrwooster_arrival_arrow
D:2:      chequers_ecumenical_altar_simple_redux, uniq_jessica
D:3:      minmay_wonky_spiral, first_ration

Skill      XL: |  1  2  3  4  5 |
---------------+----------------+-----
Stealth        | 1 2 3 |  3.3
Unarmed Combat | 4 5 |  5.2
Fighting       | |  1.0
Throwing       | |  0.5
Dodging        | |  2.0
Spellcasting   | |  2.0
Transmutations | |  2.0

Action                   |  1- 3 |  4- 6 || total
-------------------------+-------+-------++-------
Melee: Unarmed           |    98 |    52 ||   150
       Constrict         |    27 |    17 ||    44
       Tentacles         |    12 |     6 ||    18
       Punch             |     2 |     2 ||     4
Throw: Tomahawk          |       |     2 ||     2
  Use: Scroll            |     2 |     6 ||     8
       Potion            |       |     1 ||     1
 Stab: Sleeping          |     4 |     5 ||     9
  Eat: Chunk             |     2 |     4 ||     6
Armor: Skin              |    13 |     3 ||    16
Dodge: Dodged            |    71 |    23 ||    94

Table legend:
 A = Spawn XP
 B = Non-spawn XP
 C = Spawn XP percentage of total XP
 D = Spawn monster count
 E = Non-spawn monster count
 F = Spawn count percentage of total count
 G = Total turns spent on level
                    A         B        C        D         E        F      G
               +---------+---------+-------+---------+---------+-------+---------
         Total |       0 |     229 |   0.0 |       0 |      59 |   0.0 |  3138
               +---------+---------+-------+---------+---------+-------+---------
           D:1 |       0 |      11 |   0.0 |       0 |       7 |   0.0 |   746
           D:2 |       0 |     117 |   0.0 |       0 |      35 |   0.0 |  1771
           D:3 |       0 |     101 |   0.0 |       0 |      17 |   0.0 |   606
               +---------+---------+-------+---------+---------+-------+---------
